 Dungeon Crawl Stone Soup version 0.21.1-1-g345015f (webtiles) character file.

971 Mirai the Chopper (level 7, -7/61 HPs)
             Began as a Minotaur Fighter on Mar 21, 2018.
             Mangled by an ogre
             ... wielding a +0 giant club
              (17 damage)
             ... on level 5 of the Dungeon.
             The game lasted 00:10:01 (4141 turns).

Mirai the Chopper (Minotaur Fighter)                Turns: 4141, Time: 00:10:01

Health: -7/61      AC:  8    Str: 22    XL:     7   Next: 94%
Magic:  6/6        EV:  9    Int:  5    God:
Gold:   272        SH: 10    Dex: 10    Spells: 6/6 levels left

rFire    . . .     SeeInvis .   a - +1 war axe
rCold    . . .     Gourm    .   c - +0 shield
rNeg     . . .     Faith    .   b - +0 scale mail
rPois    .         Spirit   .   (helmet restricted)
rElec    .         Reflect  .   (no cloak)
rCorr    .         Harm     .   p - +0 pair of gloves
MR       .....                  (no boots)
Stlth    ..........             (no amulet)
HPRegen  0.20/turn              (no ring)
MPRegen  0.10/turn              (no ring)

@: no status effects
A: retaliatory headbutt, horns 2
a: no special abilities


You were on level 5 of the Dungeon.
You were not hungry.

You visited 1 branch of the dungeon, and saw 5 of its levels.
You also visited: Sewer.

You collected 272 gold pieces.

Inventory:

Hand Weapons
 a - a +1 war axe (weapon)
Armour
 b - a +0 scale mail (worn)
 c - a +0 shield (worn)
 p - a +0 pair of gloves (worn)
Wands
 m - a wand of iceblast (21)
Scrolls
 e - 3 scrolls of identify
 h - a scroll of immolation
 k - a scroll of blinking {unknown}
 o - 3 scrolls of teleportation
 r - 3 scrolls of noise {unknown}
 u - a scroll of fog {unknown}
 w - a scroll of fear {unknown}
Potions
 g - 2 potions of mutation
 j - a potion of invisibility {unknown}
 l - 2 potions of heal wounds {unknown}
 q - a potion of cancellation {unknown}
 s - a potion of lignification {unknown}
 t - 7 potions of flight
 v - a potion of curing {unknown}
Books
 d - a book of Frost

   Spells                             Type                      Level
   a - Freeze                         Ice                          1
   b - Throw Frost                    Conjuration/Ice              2
   c - Ozocubu's Armour               Charms/Ice                   3
   d - Throw Icicle                   Conjuration/Ice              4
   e - Summon Ice Beast               Ice/Summoning                4
 n - a book of Maledictions

   Spells                             Type                      Level
   a - Corona                         Hexes                        1
   b - Ensorcelled Hibernation        Hexes/Ice                    2
   c - Confuse                        Hexes                        3
   d - Tukima's Dance                 Hexes                        3
   e - Dazzling Spray                 Conjuration/Hexes            3
Comestibles
 f - 9 rations


   Skills:
 + Level 5.1 Fighting
 + Level 7.6 Axes
 + Level 5.5 Armour
 + Level 2.9 Dodging
 + Level 0.7 Stealth
 + Level 5.8 Shields


You had 6 spell levels left.
You didn't know any spells.

Dungeon Overview and Level Annotations

Branches:
Dungeon (5/15)
 Temple: D:4-7

Altars:
Fedhas
Hepliaklqana
Makhleb
The Shining One


Innate Abilities, Weirdness & Mutations

You reflexively headbutt those who attack you in melee.
You have a pair of horns on your head.


Message History

You barely miss the ogre.
The ogre is severely wounded.
You barely miss the orc. You slash the hound!
The orc hits you but does no damage. The orc barely misses you.
The ogre hits you with a giant club!
* * * LOW HITPOINT WARNING * * *
The hound barely misses you.
You hit the ogre.
The ogre is severely wounded.
You hit the hound. You hit the orc. The hound bites you but does no damage.
You block the orc's attack. x2; You block the ogre's attack.
The hound bites you.
* * * LOW HITPOINT WARNING * * *
Unknown command.
You barely miss the ogre.
The ogre is severely wounded.
You hit the hound. You barely miss the orc. You block the orc's attack.
You block the hound's attack. The orc closely misses you.
The ogre hits you with a giant club!
You die...

###### #....### ########
#....... #......#
#####....... #!.....#
#...........
##......#####....##.....
>..................(....
#......#####....##.....
#..%.h@# #......##.##
#....Oo# #......##.##
#.....o# #......##...
........# #......#####
........# ###....#
......... .....
#.#.#.##. #.#.#. .


You could see an ogre, a hound and 2 orcs.

Vanquished Creatures
  The ghost of Shinoi the Covered, an amateur DsAK of Lugonu (D:4)
  2 phantoms
  2 ogres
  A bullfrog zombie (D:4)
  A crimson imp (D:5)
  An orc priest (D:3)
  An iguana (D:4)
  Ijyb (D:4)
  Terence (D:3)
  Natasha (D:4)
  A merfolk siren (Sewer)
  A worker ant (D:4)
  A merfolk avatar (Sewer)
  A hound skeleton (D:5)
  8 adders
  A river rat (Sewer)
  A shadow imp (D:3)
  2 oozes
  An adder skeleton (D:4)
  4 worms
  A dart slug (D:2)
  3 leopard geckos
  8 orcs
  9 giant cockroaches
  6 goblins
  6 hobgoblins
  2 jackals (D:3)
  13 kobolds
  2 quokkas
  7 ball pythons
  7 bats
  9 frilled lizards
  A leopard gecko skeleton (D:4)
  34 rats
141 creatures vanquished.

Notes
Turn   | Place    | Note
-------+----------+-------------------------------------------
     0 | D:1      | Mirai the Minotaur Fighter began the quest for the Orb.
     0 | D:1      | Reached XP level 1. HP: 19/19 MP: 0/0
   178 | D:1      | Reached XP level 2. HP: 27/27 MP: 1/1
   698 | D:1      | Reached XP level 3. HP: 33/33 MP: 2/2
   829 | D:2      | Found a hazy altar of Hepliaklqana.
   899 | D:2      | Found a blossoming altar of Fedhas.
  1022 | D:2      | Reached skill level 1 in Dodging
  1100 | D:2      | Reached skill level 3 in Axes
  1176 | D:2      | Reached XP level 4. HP: 40/40 MP: 3/3
  1666 | D:3      | Reached skill level 4 in Axes
  1666 | D:3      | Reached XP level 5. HP: 16/47 MP: 4/4
  2131 | D:3      | Found a glowing golden altar of the Shining One.
  2158 | D:3      | Noticed Terence
  2166 | D:3      | Killed Terence
  2538 | D:4      | Reached skill level 5 in Shields
  2565 | D:4      | Noticed Shinoi's ghost (amateur DsAK)
  2573 | D:4      | Killed Shinoi's ghost
  2573 | D:4      | Reached skill level 5 in Axes
  2573 | D:4      | Reached XP level 6. HP: 33/53 MP: 5/5
  2576 | D:4      | Found a glowing drain.
  2621 | D:4      | Noticed Ijyb
  2629 | D:4      | Killed Ijyb
  2647 | Sewer    | Entered a sewer
  2898 | Sewer    | Reached skill level 5 in Armour
  3387 | D:4      | Reached skill level 6 in Axes
  3387 | D:4      | Reached XP level 7. HP: 52/60 MP: 6/6
  3581 | D:4      | Found a burning altar of Makhleb.
  3581 | D:4      | Noticed a green death
  3584 | D:4      | Noticed a hellwing
  3584 | D:4      | Noticed an orange demon
  3769 | D:4      | Noticed Natasha
  3778 | D:4      | Killed Natasha
  3887 | D:4      | Reached skill level 5 in Fighting
  3937 | D:5      | Entered Level 5 of the Dungeon
  3952 | D:5      | Reached skill level 7 in Axes
  4141 | D:5      | Mangled by an ogre

Skill      XL: |  1  2  3  4  5  6  7 |
---------------+----------------------+-----
Fighting       | 4 5 |  5.1
Armour         | 4 5 |  5.5
Shields        | 4 5 |  5.8
Dodging        | 1 2 |  2.9
Axes           | 3 4 5 6 7 |  7.6
Stealth        | |  0.7

Action                   |  1- 3 |  4- 6 |  7- 9 || total
-------------------------+-------+-------+-------++-------
Melee: War axe           |    71 |   199 |    68 ||   338
       Headbutt          |     9 |    25 |     8 ||    42
  Use: Scroll            |       |     4 |       ||     4
       Potion            |       |     1 |       ||     1
  Eat: Chunk             |     1 |     7 |     3 ||    11
Armor: Scale mail        |    43 |   115 |    22 ||   180
Dodge: Dodged            |    20 |    75 |    26 ||   121
Block: Shield            |    48 |   105 |    38 ||   191
